 Dungeon Crawl Stone Soup version 0.19.5 (webtiles) character file.

7589 lauthentik the Covert (level 10, -3/67 HPs)
             Began as a Vampire Enchanter on Apr 10, 2017.
             Was a Believer of Kikubaaqudgha.
             Slain by a troll (9 damage)
             ... on level 10 of the Dungeon on Apr 17, 2017.
             The game lasted 00:39:28 (9638 turns).

lauthentik the Covert (Vampire Enchanter)           Turns: 9638, Time: 00:39:29

Health: -3/67      AC:  9    Str:  7    XL:     10   Next: 97%
Magic:  0/20       EV: 15    Int: 20    God:    Kikubaaqudgha [**....]
Gold:   294        SH:  0    Dex: 21    Spells: 6 memorised, 12 levels left

rFire  . . .     SeeInvis +     a - +1 dagger
rCold  + . .     Gourm    .     W - +2 leather armour "Obuife" {Dex+5 SInv Stlth+}
rNeg   + + .     Faith    .     (no shield)
rPois  +         Spirit   +     (no helmet)
rElec  .         Reflect  .     G - +0 cloak
rCorr  .         Harm     .     (no gloves)
MR     +....                    e - +2 pair of boots
Stlth  ++++++++..               n - amulet of guardian spirit
                                Q - ring of see invisible
                                J - ring of wizardry

@: regenerating slowly
A: fangs 3, see invisible, unbreathing
a: Bat Form, Receive Corpses, Renounce Religion


You were on level 10 of the Dungeon.
You worshipped Kikubaaqudgha.
Kikubaaqudgha was pleased with you.
You were near bloodless.

You visited 3 branches of the dungeon, and saw 12 of its levels.

You collected 498 gold pieces.
You spent 204 gold pieces at shops.

Inventory:

Hand Weapons
 a - a +1 dagger (weapon)
 y - a +0 blowgun
Missiles
 z - 55 poisoned needles
Armour
 b - a +1 robe
 e - a +2 pair of boots (worn)
 C - a +0 cloak
 G - a +0 cloak (worn)
 P - the +1 robe "Ufulaigo" {MR+ Dex+3}
   (You found it on level 8 of the Dungeon)

   It affects your dexterity (+3).
   It affects your resistance to hostile enchantments.
 W - the +2 leather armour "Obuife" (worn) {Dex+5 SInv Stlth+}
   (You found it on level 10 of the Dungeon)

   It affects your dexterity (+5).
   It lets you see invisible.
   It makes you more stealthy.
Jewellery
 n - an amulet of guardian spirit (around neck)
 o - an uncursed amulet of rage
 J - a ring of wizardry (left hand)
 Q - a ring of see invisible (right hand)
Wands
 A - a wand of paralysis (13/24)
 E - a wand of lightning (6/15)
 F - a wand of disintegration (14/24)
 O - a wand of lightning (9/15)
 T - a wand of heal wounds (6/9)
 U - a wand of acid (10/15)
 V - a wand of lightning (10/15)
Scrolls
 h - 3 scrolls of blinking {unknown}
 i - 3 scrolls of identify
 l - 3 scrolls of fear {unknown}
 q - 2 scrolls of recharging {unknown}
 r - 4 scrolls of remove curse {unknown}
 v - a scroll of amnesia {unknown}
 w - 2 scrolls of random uselessness {unknown}
 B - 2 scrolls of magic mapping {unknown}
 D - 2 scrolls of immolation {unknown}
 K - 3 scrolls of noise {unknown}
 L - a scroll of enchant armour {unknown}
 M - 2 scrolls of fog {unknown}
Potions
 d - 13 potions of blood
 f - a potion of invisibility {unknown}
 g - 3 potions of degeneration
 j - a potion of magic {unknown}
 k - 2 potions of heal wounds {unknown}
 m - 4 potions of flight
 p - 2 potions of brilliance
 s - 2 potions of cure mutation {unknown}
 t - 3 potions of might
 u - 4 potions of curing {unknown}
 I - 2 potions of agility {unknown}
 N - 3 potions of lignification {unknown}
Books
 c - a book of Maledictions

   Spells                             Type                      Level
   a - Corona                         Hexes                        1
   b - Ensorcelled Hibernation        Hexes/Ice                    2
   c - Confuse                        Hexes                        3
   d - Tukima's Dance                 Hexes                        3
   e - Dazzling Spray                 Conjuration/Hexes            3
 x - a book of Changes

   Spells                             Type                      Level
   a - Beastly Appendage              Transmutation                1
   b - Sticks to Snakes               Transmutation                2
   c - Spider Form                    Transmutation/Poison         3
   d - Ice Form                       Ice/Transmutation            4
   e - Blade Hands                    Transmutation                5
 H - a book of Necromancy

   Spells                             Type                      Level
   a - Pain                           Necromancy                   1
   b - Animate Skeleton               Necromancy                   1
   c - Vampiric Draining              Necromancy                   3
   d - Regeneration                   Charms/Necromancy            3
   e - Animate Dead                   Necromancy                   4
   f - Control Undead                 Necromancy                   4
 R - a book of Maledictions

   Spells                             Type                      Level
   a - Corona                         Hexes                        1
   b - Ensorcelled Hibernation        Hexes/Ice                    2
   c - Confuse                        Hexes                        3
   d - Tukima's Dance                 Hexes                        3
   e - Dazzling Spray                 Conjuration/Hexes            3
 S - Kikubaaqudgha's Handbook of Evil Secrets
   (Kikubaaqudgha gifted it to you on level 9 of the Dungeon)

   Spells                             Type                      Level
   a - Animate Skeleton               Necromancy                   1
   b - Corpse Rot                     Necromancy                   2
   c - Sublimation of Blood           Necromancy                   2
   d - Regeneration                   Charms/Necromancy            3
   e - Control Undead                 Necromancy                   4


   Skills:
 + Level 2.1 Fighting
 + Level 5.2 Short Blades
 + Level 1.4 Throwing
 + Level 0.1 Armour
 + Level 4.8 Dodging
 + Level 14.7 Stealth
 + Level 7.2 Spellcasting
 + Level 10.3 Hexes
 + Level 2.1 Necromancy
 + Level 6.0 Ice Magic


You had 12 spell levels left.
You knew the following spells:

 Your Spells              Type           Power        Failure   Level  Hunger
a - Ensorcelled Hibernat  Hex/Ice        #####.       1%          2    None
b - Corona                Hex            #####..      1%          1    None
c - Confuse               Hex            #####...     1%          3    #......
d - Pain                  Necr           ###.         3%          1    None
e - Animate Skeleton      Necr           N/A          3%          1    None
f - Vampiric Draining     Necr           ###.......   9%          3    #......


Dungeon Overview and Level Annotations

Branches:
Dungeon (10/15)            Temple (1/1) D:7            Lair (0/6) D:10
    Orc (1/2) D:10

Altars:
Ashenzari
Cheibriados
Dithmenos
Elyvilon
Fedhas
Gozag
Hepliaklqana
Kikubaaqudgha
Makhleb
Nemelex Xobeh
Okawaru
Qazlal
Ru
Sif Muna
Trog
Uskayaw
Vehumet
Xom
Yredelemnul
Zin
The Shining One

Shops:
D:4 *


Innate Abilities, Weirdness & Mutations

You heal slowly.
You have razor-sharp teeth.
You have supernaturally acute eyesight. (SInv)
You can survive without breathing.


Message History

You hit the troll.
The troll is lightly wounded.
The centaur warrior shoots an arrow.
The arrow completely misses you.
The centaur warrior shoots an arrow.
The arrow hits you!
* * * LOW HITPOINT WARNING * * *
You see here an arrow.
Casting: Ensorcelled Hibernation
Confirm with . or Enter, or press ? or * to list all spells.
Aiming: Confuse
Press: ? - help, Shift-Dir - straight line, f/p - troll
Aim: a troll (chance to defeat MR: 71%)
The troll struggles to resist.
The troll bites you!
* * * LOW HITPOINT WARNING * * *
The troll barely misses you. x2
Casting: Confuse
Confirm with . or Enter, or press ? or * to list all spells.
You don't have enough magic to cast that spell.
The troll closely misses you. The troll claws you!
You die...
Kikubaaqudgha rasps: "You have failed me!
Welcome... oblivion!"

.# #.#.# #.....(...#
.# #.#.###.........#
.# #.#......((.....#
.# #.#####..(###...#
.# #...........#...#
.# ######......#.#.#
########........c#.#
#..............#T# #
#.######.......#@#.#
#.# ####..###.#.#
#.# #...<....# #.#
##.###.### #.# #.#
#.# #.# #.#
#.#####... #.#
#.###.......# #.#
#.##.......... #.#
#.##.#########


You could see a centaur warrior and a troll.

Vanquished Creatures
  Pikel (D:8)
  A hill giant (D:10)
  Joseph (D:9)
  The ghost of Inarius the Shield-Bearer, an amateur MiFi of Ashenzari (D:4)
  A troll (D:10)
  A spriggan (D:9)
  11 yaks
  A wyvern (D:8)
  Grum (D:9)
  A water moccasin (D:5)
  Duvessa (D:7)
  2 orc warriors
  A sky beast (D:10)
  6 ogres
  2 centaurs
  7 wolves
  A big kobold (D:4)
  3 bullfrogs
  Dowan (D:7)
  4 scorpions
  3 wights
  5 killer bees (D:9)
  4 howler monkeys
  3 electric eels (D:10)
  3 crimson imps
  A bullfrog zombie (D:6)
  4 jellies
  2 bullfrog skeletons
  An orc priest (D:8)
  6 hounds
  5 orc wizards
  2 iguanas
  7 worker ants
  2 hound zombies
  4 gnolls (D:4)
  A howler monkey skeleton (D:5)
  14 adders
  2 oozes
  2 adder zombies (D:6)
  A worm (D:2)
  2 dart slugs (D:1)
  4 leopard geckos
  13 orcs
  5 giant cockroaches
  4 goblins
  5 hobgoblins
  5 jackals
  12 kobolds
  2 quokkas
  2 ball pythons
  5 bats
  2 frilled lizards
  A giant cockroach zombie (D:6)
  A leopard gecko skeleton (D:5)
  5 rats
188 creatures vanquished.

Vanquished Creatures (collateral kills)
  A worker ant (D:7)
  An adder skeleton (D:9)
2 creatures vanquished.

Vanquished Creatures (others)
  2 slaves (D:8)
  A centaur (D:8)
  A bullfrog (D:8)
  A jelly (D:8)
  2 orcs (D:8)
  2 plants (D:4)
9 creatures vanquished.

Grand Total: 199 creatures vanquished

Notes
Turn   | Place    | Note
-------+----------+-------------------------------------------
     0 | D:1      | lauthentik the Vampire Enchanter began the quest for the Orb.
     0 | D:1      | Reached XP level 1. HP: 13/13 MP: 3/3
   293 | D:1      | Reached skill level 5 in Stealth
   455 | D:1      | Reached XP level 2. HP: 19/19 MP: 5/5
   459 | D:1      | Learned a level 2 spell: Ensorcelled Hibernation
  1043 | D:2      | Reached skill level 5 in Hexes
  1043 | D:2      | Reached XP level 3. HP: 10/24 MP: 1/6
  1600 | D:3      | Reached skill level 6 in Stealth
  1600 | D:3      | Reached XP level 4. HP: 30/30 MP: 5/7
  1996 | D:3      | Reached skill level 1 in Ice Magic
  2341 | D:4      | Found a faded altar of an unknown god.
  2341 | D:4      | Found a faded altar of an unknown god.
  2345 | D:4      | Noticed Inarius's ghost (amateur MiFi)
  2355 | D:4      | Learned a level 3 spell: Confuse
  2372 | D:4      | Killed Inarius's ghost
  2372 | D:4      | Reached skill level 7 in Stealth
  2372 | D:4      | Reached XP level 5. HP: 36/36 MP: 5/9
  2372 | D:4      | Reached XP level 6. HP: 42/42 MP: 5/10
  2373 | D:4      | Found an opulent altar of Gozag.
  2376 | D:4      | Found a faded altar of an unknown god.
  2378 | D:4      | Found a faded altar of an unknown god.
  2510 | D:4      | Found a radiant altar of Vehumet.
  2620 | D:4      | Reached skill level 8 in Stealth
  2773 | D:4      | Reached XP level 7. HP: 37/47 MP: 5/11
  2974 | D:4      | Found Zat Pymp's General Store.
  2976 | D:4      | Bought a wand of paralysis (13/24) for 180 gold pieces
  2976 | D:4      | Bought a scroll of identify for 24 gold pieces
  3066 | D:4      | Found a glowing silver altar of Zin.
  3175 | D:4      | Found a sacrificial altar of Ru.
  3177 | D:4      | Found a stormy altar of Qazlal.
  3179 | D:4      | Found a basalt altar of Yredelemnul.
  3180 | D:4      | Found a bloodstained altar of Trog.
  3635 | D:5      | Entered Level 5 of the Dungeon
  3992 | D:5      | Found a shattered altar of Ashenzari.
  3992 | D:5      | Found a white marble altar of Elyvilon.
  4006 | D:5      | Found a hazy altar of Hepliaklqana.
  4173 | D:5      | Reached skill level 1 in Fighting
  4316 | D:5      | Reached skill level 9 in Stealth
  4319 | D:5      | Found a shimmering altar of Xom.
  4561 | D:6      | Reached XP level 8. HP: 54/54 MP: 7/13
  4827 | D:6      | Found a glowing golden altar of the Shining One.
  5246 | D:6      | Reached skill level 10 in Stealth
  5844 | D:7      | Learned a level 1 spell: Pain
  6054 | D:7      | Noticed Duvessa
  6056 | D:7      | Noticed Dowan
  6061 | D:7      | Killed Duvessa
  6063 | D:7      | Killed Dowan
  6077 | D:7      | Learned a level 1 spell: Animate Skeleton
  6334 | D:7      | Found a staircase to the Ecumenical Temple.
  6492 | Temple   | Entered the Ecumenical Temple
  6534 | Temple   | Became a worshipper of Kikubaaqudgha
  6719 | D:7      | Learned a level 3 spell: Vampiric Draining
  6877 | D:7      | Reached skill level 11 in Stealth
  7112 | D:8      | Reached XP level 9. HP: 59/59 MP: 16/16
  7127 | D:8      | Noticed Pikel
  7135 | D:8      | Killed Pikel
  7135 | D:8      | Reached skill level 5 in Spellcasting
  7267 | D:8      | Got a brightly glowing robe
  7278 | D:8      | Identified the +1 robe "Ufulaigo" {MR+ Dex+3} (You found it on level 8 of the Dungeon)
  7539 | D:8      | Reached skill level 12 in Stealth
  8179 | D:9      | Reached skill level 5 in Ice Magic
  8184 | D:9      | Reached * piety under Kikubaaqudgha
  8184 | D:9      | Identified Kikubaaqudgha's Handbook of Evil Secrets (Kikubaaqudgha gifted it to you on level 9 of the Dungeon)
  8184 | D:9      | Received a gift from Kikubaaqudgha
  8292 | D:9      | Reached skill level 1 in Throwing
  8296 | D:9      | Reached XP level 10. HP: 59/67 MP: 7/19
  8355 | D:9      | Noticed Joseph
  8357 | D:9      | Killed Joseph
  8518 | D:9      | Reached skill level 13 in Stealth
  8599 | D:9      | Noticed Grum
  8657 | D:9      | Killed Grum
  8807 | D:10     | Entered Level 10 of the Dungeon
  8873 | D:10     | Found a staircase to the Orcish Mines.
  8932 | D:10     | Got a transparent leather armour
  8933 | D:10     | Noticed a hill giant
  8971 | D:10     | Reached skill level 10 in Hexes
  8973 | D:10     | Reached skill level 14 in Stealth
  8973 | D:10     | Reached skill level 1 in Necromancy
  8976 | D:10     | Reached skill level 5 in Short Blades
  8985 | D:10     | Killed a hill giant
  9135 | D:10     | Identified the +2 leather armour "Obuife" {Dex+5 SInv Stlth+} (You found it on level 10 of the Dungeon)
  9145 | D:10     | Reached ** piety under Kikubaaqudgha
  9405 | D:10     | Found a staircase to the Lair.
  9449 | Orc:1    | Entered Level 1 of the Orcish Mines
  9623 | D:10     | Noticed a centaur warrior
  9638 | D:10     | Slain by a troll

Skill      XL: |  1  2  3  4  5  6  7  8  9 10 |
---------------+-------------------------------+-----
Stealth        | 5 6 7 8 9 11 12 14 | 14.7
Hexes          | 5 6 7 9 10 | 10.3
Ice Magic      | 2 3 4 5 6 |  6.0
Short Blades   | 2 3 4 5 |  5.2
Dodging        | 3 4 |  4.8
Spellcasting   | 3 4 6 7 |  7.2
Fighting       | 1 2 |  2.1
Throwing       | 1 |  1.4
Necromancy     | 2 |  2.1
Armour         | |  0.1

Action                   |  1- 3 |  4- 6 |  7- 9 | 10-12 || total
-------------------------+-------+-------+-------+-------++-------
Melee: Dagger            |    87 |    92 |   307 |    81 ||   567
       Bite              |     7 |     7 |    19 |     8 ||    41
 Fire: Blowgun           |       |       |    24 |       ||    24
 Cast: Corona            |     4 |       |       |       ||     4
       Ensorcelled Hiber |    17 |    25 |    90 |    45 ||   177
       Confuse           |       |     1 |    20 |     4 ||    25
       Pain              |       |       |     6 |    15 ||    21
       Animate Skeleton  |       |       |     1 |     1 ||     2
       Vampiric Draining |       |       |       |     1 ||     1
  Use: Potion            |       |       |     8 |       ||     8
       Scroll            |       |       |     1 |     4 ||     5
 Stab: Sleeping          |    16 |    22 |    60 |    43 ||   141
       Confused          |       |     4 |    10 |     1 ||    15
       Distracted        |       |       |     2 |       ||     2
  Eat: Corpse            |       |       |     1 |       ||     1
Armor: Robe              |    24 |    23 |    60 |     7 ||   114
       Leather armour    |       |       |       |     3 ||     3
Dodge: Dodged            |    63 |    54 |   185 |    44 ||   346
